Workbook
Name lnkPreviousPhaseContractNotice: Base!$D$27

Sheet Base
A1: Presupuesto | B1: 7982616109 | D1: TRM | I1: 44631
A2: SMMLV (2024) | B2: =B1/B5 -> 6140.4739
A3: 0 | B3: =B2*A3 -> 0
A4: Códigos UNSPSC | B4: 81111800
A5: Salario Mínimo 2024 | B5: 1300000
A6: Salario Mínimo 2023 | B6: 1160000
A7: Salario Mínimo 2022 | B7: 1000000
A8: Salario Mínimo 2021 | B8: 908526 | K8: 1 | L8: SI
A9: Salario Mínimo 2020 | B9: 877803 | K9: 2 | L9: NO
A10: Salario Mínimo 2019 | B10: 828116 | K10: 3 | L10: DEBE SUBSANAR
A11: Salario Mínimo 2018 | B11: 781242 | K11: 4 | L11: RECHAZAR
A12: Salario Mínimo 2017 | B12: 737717 | K12: 5
A13: Salario Mínimo 2016 | B13: 689455
C15: Evaluación | D15: Revisión
A16: UT INFOHC MESA | B16: 1
A17: UT SERVICIOS TI 2024 | B17: 2
A18: UT AW TECNOLOGIA 2024 | B18: 3
A21: SECRETARIA DISTRITAL DE GOBIERNO
A22: Precio estimado total: | B22: =+B1 -> 7982616109
A23: Número del proceso | B23: SDG-LP-3-2024
A24: Título: | B24: SDG-LP-3-2024 (Presentación de oferta)
A25: Fase: | B25: Presentación de oferta
A26: Estado: | B26: Proceso en evaluación y observaciones
A27: Fase previa | B27: Presentación de observaciones | C27: Proceso relacionado
A28: Descripción: | B28: PRESTAR LOS SERVICIOS TÉCNICOS Y ESPECIALIZADOS DE ADMINISTRACIÓN, OPERACIÓN, SOPORTE Y MANTENIMIENTOS PREVENTIVOS Y CORRECTIVOS DE LA INFRAESTRUCTURA TECNOLÓGICA PARA LA OPERACIÓN DE LOS SERVICIOS INFORMÁTICOS Y DE TI QUE REQUIERA LA SECRETARÍA DISTRITAL DE GOBIERNO
A29: Tipo de proceso | B29: Licitación pública

Sheet Experiencia
A1: Proponente | B1: Certificación 1 | N1: Totales | O1: Observaciones | Q1: CONCLUSIÓN | T1: SI
A2: Proponente | B2: 1 Certificación aportada | J2: 2 RUP | T2: NO
B3: Certificación del contratante, contrato o acta de recibo final, o acta de liquidación o acta de recibo a satisfacción | C3: Celebrado, Ejecutado y Terminado | D3: Número y fecha de suscripción de Contrato | E3: Objeto | F3: Tiempo de ejecución - meses | G3: Valor del contrato | H3: Nombre de la entidad contratante | I3: Firma y cargo de quien certifica | J3: SMMLV | K3: Inscrito en RUP | L3: Código UNSPSC | M3: Código UNSPSC obligatorio 81111800 | N3: Sumatoria igual o superior a 6.140 SMMLV | O3: Cumplimiento de la experiencia | P3: experiencia cumple o no cumple | Q3: HABILITADO | R3: Observación | T3: DEBE SUBSANAR
A4: =Base!A16 -> UT INFOHC MESA | B4: MINISTERIO DEL TRABAJO | C4: Si | D4: N° 540 de 2017 Fecha: 10/11/2017 | E4: Suministrar y garantizar el correcto funcionamiento de la infraestructura tecnológica informática (hardware, software base y ofimática, centro de cómputo, redes, comunicaciones y sistemas de seguridad informático) instalada en Oficinas Centrales, Direcciones Territoriales y algunas Inspecciones Municipales del Ministerio del Trabajo a nivel Nacional. | F4: OCHO (8) MESES Y VEINTE (20) DIAS | G4: 11050000000 | H4: Ministerio del Trabajo NIT: 830.115.226-3 | I4: Luis Miguel Uribe | J4: 21216.1 | K4: RUP 96 / INFOTIC | N4: =+J4+J5+J6+J8 -> 48095.53 | O4: Una vez revisada la información aportada por el oferente UT INFO HC MESA, el comité evaluador verificó y validó la certificación en la que se pudo constatar el cumplimiento del requisito establecido en el numeral 5.3.1 de "Experiencia" del pliego de condiciones, que señala: el objeto sea igual o similar al objeto y/o condiciones técnicas del presente proceso | P4: cumple | Q4: SI
B5: MINISTERIO DE EDUCACIÓN NACIONAL | C5: Si | D5: N° 1362 de 2016 Fecha: 25/04/2016. | E5: Prestación de servicios para la operación tic del Ministerio de Educación Nacional necesarios para Soportar sus procesos y los de las secretarias de Educación, asegurar la continuidad en la operación TI, su Disponibilidad y rendimiento | F5: Ocho (08) meses y seis (06) días. | G5: 3307552198 | H5: Ministerio de Educación Nacional NIT. 899.999.001-7 | I5: Karen Ezpeleta Merchán Subdirectora de Contratación | J5: 21356.38 | K5: RUP 97 / INFOTIC SA | L5: 81111800 | M5: Si | O5: Una vez revisada la información aportada por el oferente UT INFO HC MESA, el comité evaluador verificó y validó la certificación en la que se pudo constatar el cumplimiento del requisito establecido en el numeral 5.3.1 de "Experiencia" del pliego de condiciones, que señala: el objeto sea igual o similar al objeto y/o condiciones técnicas del presente proceso | P5: cumple
B6: BOGOTA DISTRITO CAPITAL SECRETARIA DISTRAL DE GOBIERNO | C6: Si | D6: N° 979 de 2019 Fecha: 15/07/2019 | E6: Prestar los servicios técnicos y especializados de administración, operación, soporte y mantenimientos preventivos y correctivos de la infraestructura tecnológica para la operación de los servicios informáticos y de TI que requiera la Secretaría Distrital de Gobierno | F6: 13 MESES | G6: 1555555985 | H6: Bogotá Distrito Capital - Secretaría Distrital de Gobierno | I6: Daniel René Camacho Director Técnico de Contratación | J6: 1772.1 | K6: RUP 111 / HEIMCORE SAS | L6: 81111800 | M6: Si | O6: Una vez validada la información aportada por el oferente UT INFOHC MESA, el comité evaluador concluyó que cumple con el requisito establecido en el numeral 5.3.1 de "Experiencia" del pliego de condiciones, de acuerdo con el objeto contractual presentado "Prestar los servicios técnicos y especializados de administración, operación, soporte y mantenimientos preventivos y correctivos de la infraestructura tecnológica para la operación de los servicios informáticos y de TI que requiera la Secretaría Distrital de Gobierno", el cual fue celebrado con la Secretaría Distrital de Gobierno. | P6: cumple
B7: EMPRESA DE RECURSOS TECNOLOGICOS SA ERT ESP | C7: Si | D7: N° 300-26-10-009 Fecha: 15/01/2018 | E7: Prestación de servicios de outsourcing y operación de la mesa de servicios “MST” y sus componentes adicionales para la Agencia Nacional de Tierra. | F7: 11 MESES Y 15 DIAS | G7: 1765993386 | H7: Empresa de Recursos Tecnológicos SA - ESP | I7: Bernardo Sánchez Soto Secretario General | J7: 2169.1 | K7: RUP 32 / HEIMCORE SAS | L7: 81111800 | M7: Si | O7: El comité evaluador concluyó que, con la certificación aportada por el oferente Heimcore SAS, miembro de la Unión Temporal Info HC Mesa, no se cumplia con el requisito establecido en el numeral 5.1.2 de los pliegos de condiciones, que señalo las siguientes precisiones: REQUISITOS DE LAS CERTIFICACIONES DE EXPERIENCIA Cada certificación deberá contener la siguiente información: • Nombre de la entidad o persona contratante que certifica, dirección, correo electrónico y teléfono. • Nombre del proponente o contratista a quien se le expide la certificación. • Objeto del Contrato. • Actividades u obligaciones adelantadas. • Valor total del contrato. • Para los contratos ejecutados en asociación se debe especificar el porcentaje de participación. • Fecha de inicio del contrato. • Plazo de ejecución y/o fecha de terminación. • Fecha de expedición de la certificación. • Firma de la persona que expide la certificación. Se aceptan como equivalentes a las certificaciones de experiencia de los contratos, la copia del acta de liquidación, en la que conste la información solicitada para las certificaciones. La certificación no determina las actividades u obligaciones adelantadas en el marco del contrato; no se subsanó por parte del oferente y no es aceptada como certificación de experiencia. | P7: no cumple
B8: STF GROUP SA | C8: Si | D8: Fecha: 1/03/2021 | E8: Prestar el servicio tercerizado de la operación, gestión y modernización de los servicios tecnológicos de la sociedad STF GROUP SA | F8: 36 MESES | G8: 4097678940 | H8: STF GROUP SAS NIT: 805.003.626-4 | I8: Alejandro Luna Gerente TI | J8: 3750.95 | K8: RUP 262 / HEIMCORE SAS | L8: 81111800 | M8: Si | O8: Una vez revisada la información aportada por el oferente UT INFO HC MESA, el comité evaluador verificó y validó la certificación en la que se pudo constatar el cumplimiento del requisito establecido en el numeral 5.3.1 de "Experiencia" del pliego de condiciones, que señala: el objeto sea igual o similar al objeto y/o condiciones técnicas del presente proceso | P8: cumple
A9: =+Base!A17 -> UT SERVICIOS TI 2024 | B9: Fondo Nacional del Ahorro | C9: Si | D9: No. 184 del 2020Fecha: 28/12/2020 | E9: Implementar tecnología de almacenamiento, recuperación y custodia de información estructurada y no estructurada para ambientes productivos y no productivos. | F9: 11 MESES | G9: 2941100959 | H9: FONDO NACIONAL DEL AHORRO NIT: 899.999.284-4 | I9: Luis Enrique Collante Jefe Oficina de Informática | J9: 3237.22 | K9: Rup 32 / Nevitech | N9: =SUM(J9:J12) -> 10670.595 | O9: Una vez revisada la información aportada por el oferente UT SERVICIOS TI 2024, el comité evaluador verificó y validó la certificación en la que se pudo constatar el cumplimiento del requisito establecido en el numeral 5.3.1 de "Experiencia" del pliego de condiciones, que señala: el objeto sea igual o similar al objeto y/o condiciones técnicas del presente proceso | P9: cumple | Q9: SI
B10: Ministerio de Defensa Nacional | C10: Si | D10: N° 172/2019-MDN-UGG-DA Fecha: 15/01/2018 | E10: Prestación de servicios de mantenimiento integral y soporte para la infraestructura de TI del grupo SILOG de la Unidad de Gestión General | F10: 12 MESES | G10: 3.7383832e+09 | H10: Ministerio de Defensa Nacional NIT: 899.999.003-1 | I10: Jean Carlo Martínez Coordinador Grupo de Adquisiciones | J10: =2129.39*50% -> 1064.695 | K10: Rup 11 / Nevitech | O10: Una vez revisada la información aportada por el oferente UT SERVICIOS TI 2024, el comité evaluador verificó y validó la certificación en la que se pudo constatar el cumplimiento del requisito establecido en el numeral 5.3.1 de "Experiencia" del pliego de condiciones, que señala: el objeto sea igual o similar al objeto y/o condiciones técnicas del presente proceso. | P10: cumple
B11: Secretaría General de la Alcaldía Mayor de Bogotá, D.C. | C11: Si | D11: No. 4204000-444-2020 Fecha: 28/04/2020 | E11: Prestar los servicios de mesa de ayuda, servicios de mantenimiento preventivo y correctivo con bolsa de repuestos, para los elementos informáticos en la RED CADE y las diferentes sedes de la secretaria general de la Alcaldía Mayor de Bogotá D.C. | F11: 10 MESES | G11: 1200662565 | H11: Secretaría General de la Alcaldía Mayor de Bogotá NIT: 899.999.061-9 | I11: Mario Alberto Chacón Dirctor de Contratación | J11: 1321.55 | K11: Rup 28 / Nevitech | O11: Una vez revisada la información aportada por el oferente UT SERVICIOS TI 2024, el comité evaluador verificó y validó la certificación en la que se pudo constatar el cumplimiento del requisito establecido en el numeral 5.3.1 de "Experiencia" del pliego de condiciones, que señala: el objeto sea igual o similar al objeto y/o condiciones técnicas del presente proceso | P11: cumple
B12: COLOMBIA TELECOMUNICACIONES S.A. ESP BIC | C12: Si | D12: OT N°32 Fecha: 18/04/2018 | E12: Suministro, instalación, Configuración, Puesta en Funcionamiento, Administración, Operación, Soporte y Mantenimiento de una herramienta de Supervisión del Rendimiento de las Aplicaciones y la Red, Cliente SENA. | F12: 2 MESES Y 12 DIAS | G12: 3943033000 | H12: Colombia Telecomunicaciones S.A. ESP BIC | I12: Olga María Castiblanco Parra Directora de Compras | J12: 5047.13 | K12: Rup 61 / Yeapdata | O12: El comité evaluador concluyó que una vez subsanada la certificación de experiencia aportada por el oferente Yeapdata, miembro de la Unión Temporal SERVICIOS TI 2024, CUMPLE con el requisito establecido en el numeral 5.1.2 de los pliegos de condiciones, toda vez que, el anexo técnico aportado contiene las actividades relacionadas con el presente proceso. | P12: cumple
A13: =+Base!A18 -> UT AW TECNOLOGIA 2024 | B13: EMPRESA DE TELECOMUNICACIONES DE POPAYAN S.A. EMTEL E.S.P | C13: Si | D13: N° 059 de 2019 Fecha:05/02/2019 | E13: El contratista se obliga para con la empresa de telecomunicaciones de Popayan S.A EMTEL E.S.P, a prestar mantenimiento y soporte para la infraestructura de plantas electricas y UPS, servicio de administracion y soporte para servidores de alta disponibilidad Exalogic y almacenamiento. | F13: 11 MESES Y 20 DÍAS | G13: =12366390476.87*50% -> 6.1831952e+09 | H13: Empresa de Telecomunicaciones de Popayán NIT: 891.502.163-1 | I13: María Claudia Valdivieso Jefe Oficina Asesora Jurídica | J13: =14087.88*50% -> 7043.94 | K13: Rup 98 / APICOM | N13: =+SUM(J13:J18) -> 21280.92 | O13: Una vez revisada la información aportada por el oferente UT AW TECNOLOGIA 2024, el comité evaluador verificó y validó la certificación en la que se pudo constatar el cumplimiento del requisito establecido en el numeral 5.3.1 de "Experiencia" del pliego de condiciones, que señala: el objeto sea igual o similar al objeto y/o condiciones técnicas del presente proceso | P13: cumple | Q13: SI
B14: EMPRESA DE TELECOMUNICACIONES DE POPAYAN S.A. EMTEL E.S.P | C14: Si | D14: N° 037 de 2020 Fecha:17/02/2020 | E14: El contratista se obliga para con la empresa de telecomunicaciones de Popayan S.A EMTEL E.S.P, a prestar mantenimiento y soporte para la infraestructura de plantas electricas y UPS, servicio de administracion y soporte para servidores de alta disponibilidad Exalogic y almacenamiento. | F14: 11 MESES Y 20 DÍAS | G14: =8635983767*50% -> 4.3179919e+09 | H14: Empresa de Telecomunicaciones de Popayán NIT: 891.502.163-1 | I14: María Claudia Valdivieso Jefe Oficina Asesora Jurídica | J14: =9505.48*50% -> 4752.74 | K14: Rup 112 / APICOM | O14: Una vez revisada la información aportada por el oferente UT AW TECNOLOGIA 2024, el comité evaluador verificó y validó la certificación en la que se pudo constatar el cumplimiento del requisito establecido en el numeral 5.3.1 de "Experiencia" del pliego de condiciones, que señala: el objeto sea igual o similar al objeto y/o condiciones técnicas del presente proceso | P14: cumple
B15: EMPRESA DE TELECOMUNICACIONES DE POPAYAN S.A. EMTEL E.S.P | C15: Si | D15: N° 174 de 2018 Fecha:22/08/2018 | E15: El contratista se obliga para con la empresa de telecomunicaciones de Popayan S.A EMTEL E.S.P, a prestar mantenimiento y soporte para la infraestructura de plantas electricas y UPS, servicio de administracion y soporte para servidores de alta disponibilidad Exalogic y almacenamiento. | F15: 5 MESES Y 9 DIAS | G15: =4556526971*50% -> 2.2782635e+09 | H15: Empresa de Telecomunicaciones de Popayán NIT: 891.502.163-1 | I15: María Claudia Valdivieso Jefe Oficina Asesora Jurídica | J15: =5502.28*50% -> 2751.14 | K15: Rup 97 / APICOM | O15: Una vez revisada la información aportada por el oferente UT AW TECNOLOGIA 2024, el comité evaluador verificó y validó la certificación en la que se pudo constatar el cumplimiento del requisito establecido en el numeral 5.3.1 de "Experiencia" del pliego de condiciones, que señala: el objeto sea igual o similar al objeto y/o condiciones técnicas del presente proceso | P15: cumple
B16: CORPORACION AUTONOMA REGIONAL DE CUNDINAMARCA | C16: Si | D16: No. 3245-2023 Fecha: 13/09/2023 | E16: Implementación del servicio de respuesta sobre eventos de seguridad en la infraestructura informática y áreas misionales de la CAR. | F16: 3 MESES Y 15 DIAS | G16: 3475270050 | H16: Corporación Autónoma Regional de Cundinamarca – CAR NIT: 899.999.062-6 | I16: Jeison Jair González Líder Técnico Red Corporativa y Seguridad Informática Perimetral | J16: 2995.92 | K16: Rup 144 / WEXLER | O16: El comité evaluador concluyó que, con la certificación aportada por el oferente Wexler SAS, miembro de la Unión Temporal AW Tecnologia 2024, no se cumple con el requisito establecido en el numeral 5.1.2 de los pliegos de condiciones, que señala las siguientes precisiones: REQUISITOS DE LAS CERTIFICACIONES DE EXPERIENCIA Cada certificación deberá contener la siguiente información: • Nombre de la entidad o persona contratante que certifica, dirección, correo electrónico y teléfono. • Nombre del proponente o contratista a quien se le expide la certificación. • Objeto del Contrato. • Actividades u obligaciones adelantadas. • Valor total del contrato. • Para los contratos ejecutados en asociación se debe especificar el porcentaje de participación. • Fecha de inicio del contrato. • Plazo de ejecución y/o fecha de terminación. • Fecha de expedición de la certificación. • Firma de la persona que expide la certificación. Se aceptan como equivalentes a las certificaciones de experiencia de los contratos, la copia del acta de liquidación, en la que conste la información solicitada para las certificaciones. Una vez revisadas las certificaciones aportadas y la aclaración de la misma, se pudo constatar que no fue expedida por el funcionario competente, lo anterior, revisado por el comité evaluador en donde se pudo determinar que la certificación debería ser expedida por la Secretaría General de acuerdo al manual de funciones de la entidad, por lo tanto, no se tendrá en cuenta en el presente proceso. | P16: no cumple
B17: DEPARTAMENTO ADMINISTRATIVO NACIONAL DE ESTADISTICA | C17: Si | D17: N° CO1.PCCNTR.5242786 Fecha: 26/07/2023 | E17: Adquisición e implementación de un sistema de seguridad perimetral, de monitoreo de gestión desoporte, de administración, de análisis y reacción contra incidentes de seguridad para la red de datos del DANE | F17: 4 MESES | G17: 4163950700 | H17: DANE NIT: 899.999.027-8 | I17: Carlos Humberto Fajardo Coordinador Grupo Interno de Trabajo Area de Gestión de Compras Públicas | J17: 3589.61 | K17: Rup 149 / WEXLER | O17: Una vez revisada la información aportada por el oferente UT AW TECNOLOGIA 2024, el comité evaluador verificó y validó la certificación en la que se pudo constatar el cumplimiento del requisito establecido en el numeral 5.3.1 de "Experiencia" del pliego de condiciones, que señala: el objeto sea igual o similar al objeto y/o condiciones técnicas del presente proceso | P17: cumple
B18: DEPARTAMENTO ADMINISTRATIVO DE LA FUNCION PUBLICA | C18: Si | D18: N° 137-2023 Fecha: 16/05/2023 | E18: Contratar el servicio de monitoreo por suscripción con un Centro de Operación de Seguridad (SOC) que incluya un sistema de Gestión de Eventos e Información de Seguridad (SIEM) para Función Pública. | F18: 6 MESES | G18: 171189450 | H18: DAFP | I18: Cindy María Cubillos Coordinadora Grupo de Gestión Contractual | J18: 147.57 | K18: Rup 152 / WEXLER | O18: Una vez revisada la información aportada por el oferente UT AW TECNOLOGIA 2024 el comité evaluador verificó y validó la certificación en donde se ejecutaron obligaciones especificas de acuerdo con la imagen en la que se pudo constatar el cumplimiento del requisito establecido en el numeral 5.3.1 de "Experiencia" en el pliego de condiciones: el objeto sea igual o similar al objeto y/o condiciones técnicas del presente proceso. | P18: cumple
B19: TSG THE IT EXPERTS SAS | C19: Si | D19: Fecha: 06(09/2021 | E19: Prestar servicios especializados de administración, operación, soporte y mantenimientos preventivos y correctivos de la infraestructura tecnológica para la operación de la empresa | F19: 6 MESES y 20 DIAS | G19: 434733978 | H19: TSG THE IT EXPERTS SAS NIT: 900.994.724 - 3 | J19: 434,73 | K19: Rup 93 / WEXLER | O19: El comité evaluador concluyó que, con la certificación aportada por el oferente Wexler SAS, miembro de la Unión Temporal AW Tecnologia 2024 , no se cumple con el requisito establecido en el numeral 5.1.2 de los pliegos de condiciones, que señalo las siguientes precisiones: REQUISITOS DE LAS CERTIFICACIONES DE EXPERIENCIA Cada certificación deberá contener la siguiente información: • Nombre de la entidad o persona contratante que certifica, dirección, correo electrónico y teléfono. • Nombre del proponente o contratista a quien se le expide la certificación. • Objeto del Contrato. • Actividades u obligaciones adelantadas. • Valor total del contrato. • Para los contratos ejecutados en asociación se debe especificar el porcentaje de participación. • Fecha de inicio del contrato. • Plazo de ejecución y/o fecha de terminación. • Fecha de expedición de la certificación. • Firma de la persona que expide la certificación. Se aceptan como equivalentes a las certificaciones de experiencia de los contratos, la copia del acta de liquidación, en la que conste la información solicitada para las certificaciones. Una vez revisada la certificación aportada en la subsanación se pudo concluir por parte del comite evaluador que la certificación aportada por el miembro de la UT Wexler no cumplió con los requisitos establecidos en el pliego ya que no se pueden validar las actividades u obligaciones adelantadas en el contrato, por lo tanto, no será tenida en cuenta la certificación. También se pudo evidenciar una contradicción entre las fechas de expedición de la certificación y la fecha final de ejecución del contrato | P19: no cumple
A24: Nota: Anexo 3
B26: Página 52 Pliego | C26: Vínculo
A27: 1 | B27: 1.Para cada contrato relacionado, deberá adjuntar una certificación del contratante, contrato o acta de recibo final, o acta de liquidación o acta de recibo a satisfacción, debidamente suscrita por las partes, y en general deberá aportar los documentos que acrediten la ejecución de los contratos relacionados a fin de verificar los objetos o actividades contractuales ejecutadas y la fecha de ejecución de estas
A28: 3 | B28: 3. Acreditar la experiencia en la celebración y ejecución de contratos con entidades públicas y/o privadas para lo cual deberá acreditar experiencia en la ejecución en mínimo un (1) contrato máximo cinco (5) contratos registrados en el RUP, cuya sumatoria expresada en SMMLV sea igual o superior al 100% del valor del presupuesto oficial y cuyo objeto sea igual o similar al objeto y/o condiciones técnicas del presente proceso
O32: Con la que se pudo validar el cumplimiento del requisito establecido en el numeral 5.3.1 de ""Experiencia"" en el pliego de condiciones.
O33: Con la que se pudo validar el cumplimiento del requisito establecido en el numeral 5.3.1 de "Experiencia" en el pliego de condiciones.

Sheet RUP y Formatos
A1: Proponentes | B1: RUP | H1: Anexo 1 - Carta de presentación - Aval de la propuesta | M1: Carta Partner ARANDA | P1: Profesional Aranda Mesa de Ayuda | S1: Anexo 3 - Relación de experiencia mínima del proponente | V1: Anexo 2 - Capacidad Técnica del Proponente | Y1: Anexo 12 - Servicios adicionales | AB1: Anexo 14 - Apoyo a la industria nacional | AF1: Anexo 15 - Incentivo personal con discapacidad | AI1: CONCLUSIÓN
B2: Documento | C2: Fecha de Expedición | D2: RUP Miembro UT | E2: Verificación objeto social UT o sociedad - objeto del contrato | F2: Cumple | G2: Observación | H2: Documento | I2: CC | J2: TP / MP | K2: Cumple | L2: Observación | M2: Documento | N2: Cumple | O2: Observación | P2: Perfil | Q2: Cumple | R2: Observación | S2: Documento | T2: Cumple | U2: Observación | V2: Documento | W2: Cumple | X2: Observación | Y2: Documento | Z2: Presentó | AA2: Observación | AB2: Documento | AC2: Oferta | AD2: DOMICILIO | AE2: Observación | AF2: Documento | AG2: Oferta | AH2: Observación | AI2: HABILITADO | AJ2: Observación
A3: =Experiencia!A4 -> UT INFOHC MESA | B3: 01-10-2024_RUP INFOTIC S.A (1) - INFOTIC 13. RUP OCTUBRE 07 DE 2024 - HEIMCORE | C3: 1 DE OCTUBRE DE 2024 (INFOTIC) 7 DE OCTUBRE DE 2024 (HEIMCORE) | D3: SI | E3: Si | F3: Si | G3: Cumple | M3: Cert_Fabricante_Aranda | N3: Si | O3: HEIMCORE SAS identificado con NIT 900.425.697-2, es Partner y distribuidor autorizado de Aranda Software con nivel de membresía Silver. | P3: Cesar Munevar | Q3: CUMPLE | R3: CESAR MUNEVAR Ingeniero de sistemas - Uni. El Bosque TP: 25255154854CND • Certificación ITIL4 Foundation o Superior (Vigente) • Certificación Aranda (junio 7, 2024). • Experiencia demostrable como implementador de proyectos de mesa de servicio de TI con Aranda Software en la versión de ASMS en los últimos tres (3) años, Proyectos: STF Group, MinDefensa, ESAP y Superintendencia de Transporte • Carta de compromiso ok | S3: Anexo 3 - Experiencia | T3: Si | U3: Presentó | V3: Anexo 2 - Formulario - Compromiso Cumplimiento | W3: Si | X3: Presentó | AI3: SI | AJ3: Una vez validada la certificación aportada por la Unión Temporal INFOHC MESA acerca de ITIL4 Foundation o Superior (Vigente) del recurso de Aranda, se aportó la siguiente certificación: El comité evaluador concluyó que la certificación aportada cumple con el requisito de que trata el item 5 del anexo técnico "Herramienta de gestión".
A4: =Experiencia!A9 -> UT SERVICIOS TI 2024 | B4: 6. RUP NEVITECH 7 OCTUBRE 2024.pdf 7. RUP YEAPDATA 02-10-2024.pdf | C4: 07/OCT-2024 (NEVITECH) 2 DE OCTUBRE DE 2024 (YEAPDATA) | D4: Si | E4: Si | F4: Si | G4: Cumple | M4: Certificación Yeapdata PARTNER SILVER ARANDA | N4: Si | O4: YEAPDATA SAS identificado con NIT 900311748-1, es Partner y distribuidor autorizado de Aranda Software con nivel de membresía Silver. | P4: Patricia Villafañe | Q4: CUMPLE | R4: PATRICIA ISABEL VILLAFAÑE PORRAS Ingeniera de sistemas - Uni Los Libertadores TP: 25255-411367CND (18-01-19) • Certificación ITIL4 Foundation o Superior (Vigente) • Certificación Aranda Service Management Suite (Vigente). • Experiencia demostrable como implementador de proyectos de mesa de servicio de TI con Aranda Software en la versión de ASMS en los últimos tres (3) años. Proyectos: NUSE 123, Mesa Central de Yeapdata, Sertyges, Yeapp | S4: FORMATO 3 EXP HABILITANTE.pdf | T4: Si | U4: Presentó | V4: ANEXO 2 FORMULARIO COMPROMISO CUMPLIMIENTO | W4: Si | X4: Presentó | AI4: SI | AJ4: Una vez validada la certificación aportada por la Unión Temporal SERVICIOS TI 2024 acerca de ITIL4 Foundation o Superior (Vigente) del recurso de Aranda, se aportó la siguiente certificación: El comité evaluador concluyó que la certificación aportada cumple con el requisito de que trata el item 5 del anexo técnico "Herramienta de gestión".
A5: =+Experiencia!A13 -> UT AW TECNOLOGIA 2024 | B5: 5.2 REGISTRO UNICO DE PROPONENTES RUP.pdf | C5: 1 DE OCTUBRE DE 2024 (APICOM) 30 DE SEPTIEMBRE DE 2024 (WEXLER) | D5: SI | E5: Si | F5: Si | G5: Cumple | M5: CERTIFICACION ARANDA.pdf | N5: Si | O5: WEXLER con NIT 900.390.198-6, es Partner y distribuidor autorizado de Aranda Software con categoría SILVER | P5: Gina Pérez | Q5: NO CUMPLE | R5: GINA PAOLA PEREZ VARGAS Ingeniera de sistemas - Uni Católica TP: 25255229747CND (21-06-12) • Certificación ITIL4 Foundation o Superior (Vigente) • Certificación Aranda Service Management Suite (Vigente). • Experiencia demostrable como implementador de proyectos de mesa de servicio de TI con Aranda Software en la versión de ASMS en los últimos tres (3) años: Proyectos: UIAF, Financiera de Desarrollo Nacional FDN, Aeronáutica Civil de Colombia (Tecnología y Gacel - Aranda Device Management), Aris Mining REVISADA LA HOJA DE VIDA DEL OFERENTE PRESENTADA EN LA SUBSANACIÓN APORTADA, ESTA NO SE ACEPTA TENIENDO EN CUENTA QUE EN LAS CERTIFICACIONES DE EXPERIENCIA APORTADAS NO SE EVIDENCIA QUE LOS PROYECTOS RELACIONADOS EN LA UIAF Y ARIS MINING FUERON DESARROLLADOS DURANTE LOS ULTIMOS TRES AÑOS. POR LO QUE NO CUMPLE EL REQUISITO ESTABLECIDO EN EL NUMERAL 5 HERRAMIENTA DE GESTIÓN DEL ANEXO TÉCNICO, POR LO TANTO,SE ENCUENTRA INMERSA EN LA CAUSAL DE RECHAZO C) DEL NUMERAL 4.11 DEL PLIEGO DE CONDICIONES. | S5: ANEXO 3 FORMULARIO - RELACIÓN DE EXPERIENCIA MÍNIMA DEL PROPONENTE.pdf | T5: Si | U5: Presentó | V5: ANEXO 2 FORMULARIO – COMPROMISO DE CUMPLIMIENTO.pdf | W5: Si | X5: Presentó | AI5: NO | AJ5: Una vez validada la certificación aportada por la Unión Temporal AW Tecnología 2024 acerca de ITIL4 Foundation o Superior (Vigente) del recurso de Aranda, se aportó la siguiente certificación: La cual fue validada mediante el link: https://www.axelos.com/certifications/itil-service-management/managing-professional El comité evaluador concluyó que la certificación aportada cumple con el requisito de que trata el item 5 "Herramienta de gestión", en el entendido que la misma es superior al requisito mínimo exigido en el pliego de condiciones.
H7: Aval página 55
H8: Profesional
H9: indique de forma clara y expresa que avala la propuesta
H10: documento de identificación,
H11: copia de la tarjeta o matrícula profesional

Sheet Economica
B2: Anexo - Propuesta Económica | G2: TRM (22-OCT-2024)
B3: PROPONENTE | C3: Valor SECOP | D3: Puntaje | E3: Observaciones | G3: 4286.96 | H3: MEDIA ARITMETICA
B4: UT INFO HC MESA | E4: No se asigna puntaje dado que se encuentra rechazado.
B5: =+[1]Base!A17 -> UT SERVICIOS TI 2024 | C5: 7876797225 | D5: =50*C5/H5 -> 50 | G5: MEDIA ARITMETICA PROCESO | H5: =+C5 -> 7876797225
B6: =+[1]Base!A18 -> UT AW TECNOLOGIA 2024 | E6: No se asigna puntaje dado que se encuentra rechazado. | G6: 50% Media | H6: =+H5/2 -> 3.9383986e+09
B9: CONCEPTO | E9: =+B4 -> UT INFO HC MESA | Q9: =+B5 -> UT SERVICIOS TI 2024 | AC9: =+B6 -> UT AW TECNOLOGIA 2024
B10: Descripción | D10: Cantidad | E10: 2024 (2 meses) | H10: 2025 (12 meses) | K10: 2026 (12 meses) | N10: 2027 (4 meses) | Q10: 2024 (2 meses) | T10: 2025 (12 meses) | W10: 2026 (12 meses) | Z10: 2027 (4 meses) | AC10: 2024 (2 meses) | AF10: 2025 (12 meses) | AI10: 2026 (12 meses) | AL10: 2027 (4 meses)
B11: ITEM´S DE LA MESA DE SERVICIOS POR 3 AÑOS | E11: VALOR UNITARIO | F11: IVA | G11: VALOR TOTAL | H11: VALOR UNITARIO | I11: IVA | J11: VALOR TOTAL | K11: VALOR UNITARIO | L11: IVA | M11: VALOR TOTAL | N11: VALOR UNITARIO | O11: IVA | P11: VALOR TOTAL | Q11: VALOR UNITARIO | R11: IVA | S11: VALOR TOTAL | T11: VALOR UNITARIO | U11: IVA | V11: VALOR TOTAL | W11: VALOR UNITARIO | X11: IVA | Y11: VALOR TOTAL | Z11: VALOR UNITARIO | AA11: IVA | AB11: VALOR TOTAL | AC11: VALOR UNITARIO | AD11: IVA | AE11: VALOR TOTAL | AF11: VALOR UNITARIO | AG11: IVA | AH11: VALOR TOTAL | AI11: VALOR UNITARIO | AJ11: IVA | AK11: VALOR TOTAL | AL11: VALOR UNITARIO | AM11: IVA | AN11: VALOR TOTAL
B12: Un (1) Coordinador | C12: Und | D12: 1 | E12: 33121872 | F12: 6293155.7 | G12: 39415028 | H12: 196069711 | I12: 37253245 | J12: 2.3332296e+08 | K12: 213502795 | L12: 40565531 | M12: 2.5406833e+08 | N12: 72279846 | O12: 13733171 | P12: 86013017 | Q12: 16392100 | R12: 3114499 | S12: 39013198 | T12: 16392100 | U12: 3114499 | V12: 234079190 | W12: 17913287 | X12: 3403525 | Y12: 255801739 | Z12: 19575640 | AA12: 3719372 | AB12: 93180047 | AC12: 16448740 | AD12: 3125261 | AE12: 39148001 | AF12: 16448740 | AG12: 3125261 | AH12: 234888007 | AI12: 17975183 | AJ12: 3415285 | AK12: 256685614 | AL12: 18960223 | AM12: 3602442 | AN12: 90250662
B13: Doce (12) agentes | C13: Und | D13: 12 | E13: 136734117 | F13: 25979482 | G13: 1.627136e+08 | H13: 809417375 | I13: 1.537893e+08 | J13: 9.6320668e+08 | K13: 881384847 | L13: 1.6746312e+08 | M13: 1.048848e+09 | N13: 298386541 | O13: 56693443 | P13: 3.5507998e+08 | Q13: 5639172 | R13: 1071443 | S13: 161054762 | T13: 5639172 | U13: 1071443 | V13: 966328571 | W13: 6162488 | X13: 1170873 | Y13: 1056003862 | Z13: 6734366 | AA13: 1279530 | AB13: 384667007 | AC13: 67903870 | AD13: 12901735 | AE13: 161611211 | AF13: 67903870 | AG13: 12901735 | AH13: 969667264 | AI13: 74205349 | AJ13: 14099016 | AK13: 1059652386 | AL13: 78271802 | AM13: 14871642 | AN13: 372573779
B14: Un (1) Especialista en redes | C14: Und | D14: 1 | E14: 20908752 | F14: 3972662.9 | G14: 24881415 | H14: 123772380 | I14: 23516752 | J14: 1.4728913e+08 | K14: 134777314 | L14: 25607690 | M14: 1.60385e+08 | N14: 45627897 | O14: 8669300.4 | P14: 54297197 | Q14: 10347795 | R14: 1966081 | S14: 24627753 | T14: 10347795 | U14: 1966081 | V14: 147766517 | W14: 11308071 | X14: 2148533 | Y14: 161479250 | Z14: 12357460 | AA14: 2347917 | AB14: 58821508 | AC14: 10383530 | AD14: 1972871 | AE14: 24712801 | AF14: 10383530 | AG14: 1972871 | AH14: 148276808 | AI14: 11347122 | AJ14: 2155953 | AK14: 162036896 | AL14: 11968944 | AM14: 2274099 | AN14: 56972173
B15: Un (1) Especialista en seguridad | C15: Und | D15: 1 | E15: 34634909 | F15: 6580632.7 | G15: 41215542 | H15: 205026352 | I15: 38955007 | J15: 2.4398136e+08 | K15: 223255796 | L15: 42418601 | M15: 2.656744e+08 | N15: 75581654 | O15: 14360514 | P15: 89942168 | Q15: 17140906 | R15: 3256772 | S15: 40795356 | T15: 17140906 | U15: 3256772 | V15: 244772139 | W15: 18731582 | X15: 3559001 | Y15: 267486993 | Z15: 20469873 | AA15: 3889276 | AB15: 97436595 | AC15: 17200130 | AD15: 3268025 | AE15: 40936309 | AF15: 17200130 | AG15: 3268025 | AH15: 245617856 | AI15: 18796302 | AJ15: 3571297 | AK15: 268411193 | AL15: 19826339 | AM15: 3767004 | AN15: 94373376
B16: Servicio de centro de atención telefónica | C16: Und | D16: 1 | E16: 37436258 | F16: 7112889 | G16: 44549147 | H16: 221609344 | I16: 42105775 | J16: 2.6371512e+08 | K16: 234483606 | L16: 44551885 | M16: 2.7903549e+08 | N16: 81694868 | O16: 15522025 | P16: 97216893 | Q16: 18527301 | R16: 3520187 | S16: 44094977 | T16: 18527301 | U16: 3520187 | V16: 264569859 | W16: 20246635 | X16: 3846861 | Y16: 289121942 | Z16: 22125522 | AA16: 4203849 | AB16: 105317486 | AC16: 18591300 | AD16: 3532347 | AE16: 44247294 | AF16: 18591300 | AG16: 3532347 | AH16: 265483764 | AI16: 20316573 | AJ16: 3860149 | AK16: 290120657 | AL16: 21429921 | AM16: 4071685 | AN16: 102006423
B17: Mantenimientos preventivos de equipos de cómputo y recursos tecnológicos tangibles según anexo técnico (uno anual) | C17: Und | D17: 3 | E17: 142255521 | F17: 27028549 | G17: 1.6928407e+08 | H17: 140350354 | I17: 26666567 | J17: 1.6701692e+08 | K17: 148503924 | L17: 28215746 | M17: 1.7671967e+08 | N17: 155217783 | O17: 29491379 | P17: 1.8470916e+08 | Q17: 139938314 | R17: 26588280 | S17: 166526594 | T17: 139938314 | U17: 26588280 | V17: 166526594 | W17: 152924589 | X17: 29055672 | Y17: 181980261 | Z17: 167115991 | AA17: 31752038 | AB17: 198868030 | AC17: 48832400 | AD17: 9278156 | AE17: 174331668 | AF17: 48832400 | AG17: 9278156 | AH17: 174331668 | AI17: 50922427 | AJ17: 9675261 | AK17: 181793063 | AL17: 53468548 | AM17: 10159024 | AN17: 190882717
G18: =SUM(G12:G17) -> 4.820588e+08 | J18: =SUM(J12:J17) -> 2.0185322e+09 | M18: =SUM(M12:M17) -> 2.1847309e+09 | P18: =SUM(P12:P17) -> 8.6725842e+08 | S18: =SUM(S12:S17) -> 476112640 | V18: =SUM(V12:V17) -> 2024042870 | Y18: =SUM(Y12:Y17) -> 2211874047 | AB18: =SUM(AB12:AB17) -> 938290673 | AE18: =SUM(AE12:AE17) -> 484987284 | AH18: =SUM(AH12:AH17) -> 2038265367 | AK18: =SUM(AK12:AK17) -> 2218699809 | AN18: =SUM(AN12:AN17) -> 907059130
B19: ITEM´S HERRAMIENTAS DE GESTION POR 3 AÑOS
B20: Aranda Service Desk (11 Procesos - RF, IM, KM, SACM, SLM, SCM, CHG, PM, REL, SPM, AM) - U. Concurrente. | C20: Und | D20: 25 | E20: 103372062 | F20: 19640692 | G20: 1.2301275e+08 | H20: 100987766 | I20: 19187676 | J20: 1.2017544e+08 | K20: 107912556 | L20: 20503386 | M20: 1.2841594e+08 | N20: $ - | O20: $ - | P20: $ - | Q20: 4236559 | R20: 804946 | S20: 126037638 | T20: 4236559 | U20: 804946 | V20: 126037638 | W20: 4629712 | X20: 879645 | Y20: 137733931 | AC20: 4245200 | AD20: 806588 | AE20: 126294700 | AF20: 4245200 | AG20: 806588 | AH20: 126294700 | AI20: 4453215 | AJ20: 846111 | AK20: 132483140
B21: Aranda Service Desk (11 Procesos - RF, IM, KM, SACM, SLM, SCM, CHG, PM, REL, SPM, AM) - U. Nombrado. | C21: Und | D21: 9 | E21: 31152728 | F21: 5919018.3 | G21: 37071746 | H21: 30434184 | I21: 5782495 | J21: 36216679 | K21: 32521074 | L21: 6179004.1 | M21: 38700078 | N21: $ - | O21: $ - | P21: $ - | Q21: 3546530 | R21: 673841 | S21: 37983341 | T21: 3546530 | U21: 673841 | V21: 37983341 | W21: 3875648 | X21: 736373 | Y21: 41508195 | AC21: 3553800 | AD21: 675222 | AE21: 38061198 | AF21: 3553800 | AG21: 675222 | AH21: 38061198 | AI21: 3727936 | AJ21: 708308 | AK21: 39926197
B22: Aranda CMDB Enterprise - 5000 CIs , 5 Consolas (1 Proceso ITIL - SACM). | C22: Und | D22: 1 | E22: 12820667 | F22: 2435926.7 | G22: 15256594 | H22: 12524956 | I22: 2379741.6 | J22: 14904698 | K22: 13383799 | L22: 2542921.8 | M22: 15926721 | N22: $ - | O22: $ - | P22: $ - | Q22: 13135927 | R22: 2495826 | S22: 15631753 | T22: 13135927 | U22: 2495826 | V22: 15631753 | W22: 14354941 | X22: 2727439 | Y22: 17082380 | AC22: 13162700 | AD22: 2500913 | AE22: 15663613 | AF22: 13162700 | AG22: 2500913 | AH22: 15663613 | AI22: 13807672 | AJ22: 2623458 | AK22: 16431130
B23: Aranda Client Management Suite (Asset Management, Delivery y Power). Soporte | C23: Und | D23: 3000 | E23: 183835485 | F23: 34928742 | G23: 2.1876423e+08 | H23: 179595285 | I23: 34123104 | J23: 2.1371839e+08 | K23: 191910238 | L23: 36462945 | M23: 2.2837318e+08 | N23: $ - | O23: $ - | P23: $ - | Q23: 62785 | R23: 11929 | S23: 224143640 | T23: 62785 | U23: 11929 | V23: 224143640 | W23: 68612 | X23: 13036 | Y23: 244944170 | AC23: 62900 | AD23: 11951 | AE23: 224553000 | AF23: 62900 | AG23: 11951 | AH23: 224553000 | AI23: 65982 | AJ23: 12537 | AK23: 235556097
B24: Aranda Client Management Suite (Asset Management, Delivery y Power). Nuevas | C24: Und | D24: 1000 | E24: 85320261 | F24: 16210850 | G24: 1.0153111e+08 | H24: 84177604 | I24: 15993745 | J24: 1.0017135e+08 | K24: 89067851 | L24: 16922892 | M24: 1.0599074e+08 | N24: $ - | O24: $ - | P24: $ - | Q24: 87418 | R24: 16609 | S24: 104027761 | T24: 87418 | U24: 16609 | V24: 104027761 | W24: 95531 | X24: 18151 | Y24: 113681537 | AC24: 87600 | AD24: 16644 | AE24: 104244000 | AF24: 87600 | AG24: 16644 | AH24: 104244000 | AI24: 91892 | AJ24: 17460 | AK24: 109351956
G25: =SUM(G20:G24) -> 4.9563643e+08 | J25: =SUM(J20:J24) -> 4.8518656e+08 | M25: =SUM(M20:M24) -> 5.1740667e+08 | S25: =SUM(S20:S24) -> 507824133 | V25: =SUM(V20:V24) -> 507824133 | Y25: =SUM(Y20:Y24) -> 554950213 | AE25: =SUM(AE20:AE24) -> 508816511 | AH25: =SUM(AH20:AH24) -> 508816511 | AK25: =SUM(AK20:AK24) -> 533748520
B26: TOTAL
B29: BOLSA DE HORAS ESPECIALISTA POR 3 AÑOS
B30: Hora de Especialista | C30: Und | D30: 1 | E30: 337456 | F30: 64116.64 | G30: 401572.64 | H30: 331482 | I30: 62981.58 | J30: 394463.58 | K30: 367911 | L30: 69903.09 | M30: 437814.09 | N30: 407082 | O30: 77345.58 | P30: 484427.58 | Q30: 344900 | R30: 65531 | S30: 410431 | T30: 344900 | U30: 65531 | V30: 410431 | W30: 376906.72 | X30: 71612.28 | Y30: 448519 | Z30: 411883.66 | AA30: 78257.9 | AB30: 490141.56 | AC30: 346061 | AD30: 65752 | AE30: 411813 | AF30: 346061 | AG30: 65752 | AH30: 411813 | AI30: 378175 | AJ30: 71853 | AK30: 450029 | AL30: 413270 | AM30: 78521 | AN30: 491791
B32: BOLSA DE CABLEADO POR 3 AÑOS
B33: Desmonte y reubicación de punto electrico regulado o normal incluye retiro de cableado y ducteria desde puesto de trabjo a tablero electrico | C33: Und | D33: 1 | E33: 897260 | F33: 170479.4 | G33: 1067739.4 | H33: 897260 | I33: 170479.4 | J33: 1067739.4 | K33: 977461 | L33: 185717.59 | M33: 1163178.6 | N33: 1072580 | O33: 203790.2 | P33: 1276370.2 | Q33: 889174 | R33: 168943 | S33: 1058117 | T33: 889174 | U33: 168943 | V33: 1058117 | W33: 931854 | X33: 177052 | Y33: 1108906 | Z33: 976583 | AA33: 185551 | AB33: 1162134 | AC33: 913848 | AD33: 173631 | AE33: 1087479 | AF33: 913848 | AG33: 173631 | AH33: 1087479 | AI33: 998653 | AJ33: 189744 | AK33: 1188397 | AL33: 1091328 | AM33: 207352 | AN33: 1298680
B34: Desmonte y reubicación punto voz / datos incluye retiro de cable UTP y ducteria desde puesto de trabjo a rack de comunicaciones | C34: Und | D34: 1 | E34: 1037403 | F34: 197106.57 | G34: 1234509.6 | H34: 1037403 | I34: 197106.57 | J34: 1234509.6 | K34: 1130130 | L34: 214724.7 | M34: 1344854.7 | N34: 1230957 | O34: 233881.83 | P34: 1464838.8 | Q34: 1028054 | R34: 195330 | S34: 1223384 | T34: 1028054 | U34: 195330 | V34: 1223384 | W34: 1077401 | X34: 204706 | Y34: 1282107 | Z34: 1129116 | AA34: 214532 | AB34: 1343648 | AC34: 1056582 | AD34: 200751 | AE34: 1257332 | AF34: 1056582 | AG34: 200751 | AH34: 1257332 | AI34: 1154632 | AJ34: 219380 | AK34: 1374013 | AL34: 1261782 | AM34: 239739 | AN34: 1501521
B35: Desmonte de bandeja porta cables tipo escalerilla o tipo ducto | C35: ml | D35: 1 | E35: 606458 | F35: 115227.02 | G35: 721685.02 | H35: 606458 | I35: 115227.02 | J35: 721685.02 | K35: 660666 | L35: 125526.54 | M35: 786192.54 | N35: 719608 | O35: 136725.52 | P35: 856333.52 | Q35: 600993 | R35: 114189 | S35: 715181 | T35: 600993 | U35: 114189 | V35: 715181 | W35: 629840 | X35: 119670 | Y35: 749510 | Z35: 660073 | AA35: 125414 | AB35: 785486 | AC35: 617670 | AD35: 117357 | AE35: 735027 | AF35: 617670 | AG35: 117357 | AH35: 735027 | AI35: 674989 | AJ35: 128248 | AK35: 803237 | AL35: 737628 | AM35: 140149 | AN35: 877778
B36: Desmonte de canaleta matalica 12x5 | C36: ml | D36: 1 | E36: 481504 | F36: 91485.76 | G36: 572989.76 | H36: 481504 | I36: 91485.76 | J36: 572989.76 | K36: 524543 | L36: 99663.17 | M36: 624206.17 | N36: 571341 | O36: 108554.79 | P36: 679895.79 | Q36: 477165 | R36: 90661 | S36: 567826 | T36: 477165 | U36: 90661 | V36: 567826 | W36: 500069 | X36: 95013 | Y36: 595082 | Z36: 524072 | AA36: 99574 | AB36: 623646 | AC36: 490406 | AD36: 93177 | AE36: 583583 | AF36: 490406 | AG36: 93177 | AH36: 583583 | AI36: 535915 | AJ36: 101824 | AK36: 637739 | AL36: 585648 | AM36: 111273 | AN36: 696921
B38: COSTO MATERIALES CON MANO DE OBRA DESMONTE Y REINSTALACION PUESTOS DE TRABAJO
B39: Suministro e instalacion de punto de red voz o Datos que incluye cable UTP categoria 6A , face plate y jack RJ 45 | C39: Und | D39: 1 | E39: 638051 | F39: 121229.69 | G39: 759280.69 | H39: 638051 | I39: 121229.69 | J39: 759280.69 | K39: 695083 | L39: 132065.77 | M39: 827148.77 | N39: 757096 | O39: 143848.24 | P39: 900944.24 | Q39: 611441 | R39: 116174 | S39: 727615 | T39: 611441 | U39: 116174 | V39: 727615 | W39: 640790 | X39: 121750 | Y39: 762540 | Z39: 671548 | AA39: 127594 | AB39: 799142 | AC39: 649847 | AD39: 123471 | AE39: 773318 | AF39: 649847 | AG39: 123471 | AH39: 773318 | AI39: 710153 | AJ39: 134929 | AK39: 845082 | AL39: 776055 | AM39: 147451 | AN39: 923506
B40: Suministro e instalacion de punto de corriente electrica regulada y Normal que incluye toma leviton con polo a tierra aislado naranaja o blanca | C40: Und | D40: 1 | E40: 621448 | F40: 118075.12 | G40: 739523.12 | H40: 621448 | I40: 118075.12 | J40: 739523.12 | K40: 676996 | L40: 128629.24 | M40: 805625.24 | N40: 737395 | O40: 140105.05 | P40: 877500.05 | Q40: 595531 | R40: 113151 | S40: 708681 | T40: 595531 | U40: 113151 | V40: 708681 | W40: 624116 | X40: 118582 | Y40: 742698 | Z40: 654074 | AA40: 124274 | AB40: 778348 | AC40: 632937 | AD40: 120258 | AE40: 753195 | AF40: 632937 | AG40: 120258 | AH40: 753195 | AI40: 691674 | AJ40: 131418 | AK40: 823092 | AL40: 755861 | AM40: 143614 | AN40: 899475
B41: Suministro e instalación del puesto de trabajo completo (incluye punto de red, punto de voz, corriente regulada y corriente normal, incluye cable UTP categoría 6A, face plate, jack y toma corriente) | C41: Und | D41: 1 | E41: 991090 | F41: 188307.1 | G41: 1179397.1 | H41: 991090 | I41: 188307.1 | J41: 1179397.1 | K41: 1079678 | L41: 205138.82 | M41: 1284816.8 | N41: 1176003 | O41: 223440.57 | P41: 1399443.6 | Q41: 949756 | R41: 180454 | S41: 1130210 | T41: 949756 | U41: 180454 | V41: 1130210 | W41: 995344 | X41: 189115 | Y41: 1184460 | Z41: 1043121 | AA41: 198193 | AB41: 1241314 | AC41: 1009412 | AD41: 191788 | AE41: 1201201 | AF41: 1009412 | AG41: 191788 | AH41: 1201201 | AI41: 1103086 | AJ41: 209586 | AK41: 1312672 | AL41: 1205452 | AM41: 229036 | AN41: 1434488
B42: Suministro e instalación de Face plate | C42: Und | D42: 1 | E42: 33177 | F42: 6303.63 | G42: 39480.63 | H42: 33177 | I42: 6303.63 | J42: 39480.63 | K42: 36142 | L42: 6866.98 | M42: 43008.98 | N42: 39367 | O42: 7479.73 | P42: 46846.73 | Q42: 31793 | R42: 6041 | S42: 37834 | T42: 31793 | U42: 6041 | V42: 37834 | W42: 33319 | X42: 6331 | Y42: 39650 | Z42: 34918 | AA42: 6635 | AB42: 41553 | AC42: 33790 | AD42: 6420 | AE42: 40210 | AF42: 33790 | AG42: 6420 | AH42: 40210 | AI42: 36926 | AJ42: 7016 | AK42: 43942 | AL42: 40353 | AM42: 7667 | AN42: 48019
B43: Suministro e instalación de Jack rj45 | C43: Und | D43: 1 | E43: 13492 | F43: 2563.48 | G43: 16055.48 | H43: 13492 | I43: 2563.48 | J43: 16055.48 | K43: 14698 | L43: 2792.62 | M43: 17490.62 | N43: 16009 | O43: 3041.71 | P43: 19050.71 | Q43: 12929 | R43: 2456 | S43: 15385 | T43: 12929 | U43: 2456 | V43: 15385 | W43: 13550 | X43: 2574 | Y43: 16124 | Z43: 14200 | AA43: 2698 | AB43: 16898 | AC43: 13741 | AD43: 2611 | AE43: 16352 | AF43: 13741 | AG43: 2611 | AH43: 16352 | AI43: 15016 | AJ43: 2853 | AK43: 17869 | AL43: 16410 | AM43: 3118 | AN43: 19528
B44: Suministro e instalación de Marquilla estandar para puntos de red | C44: Und | D44: 1 | E44: 19956 | F44: 3791.64 | G44: 23747.64 | H44: 19956 | I44: 3791.64 | J44: 23747.64 | K44: 21739 | L44: 4130.41 | M44: 25869.41 | N44: 23679 | O44: 4499.01 | P44: 28178.01 | Q44: 19123 | R44: 3633 | S44: 22757 | T44: 19123 | U44: 3633 | V44: 22757 | W44: 20041 | X44: 3808 | Y44: 23849 | Z44: 21003 | AA44: 3991 | AB44: 24994 | AC44: 20325 | AD44: 3862 | AE44: 24186 | AF44: 20325 | AG44: 3862 | AH44: 24186 | AI44: 22211 | AJ44: 4220 | AK44: 26431 | AL44: 24272 | AM44: 4612 | AN44: 28884
B45: Suministro de cable UTP categoría 6a | C45: ml | D45: 1 | E45: 13532 | F45: 2571.08 | G45: 16103.08 | H45: 13532 | I45: 2571.08 | J45: 16103.08 | K45: 14742 | L45: 2800.98 | M45: 17542.98 | N45: 16057 | O45: 3050.83 | P45: 19107.83 | Q45: 12968 | R45: 2464 | S45: 15431 | T45: 12968 | U45: 2464 | V45: 15431 | W45: 13590 | X45: 2582 | Y45: 16172 | Z45: 14242 | AA45: 2706 | AB45: 16948 | AC45: 13782 | AD45: 2619 | AE45: 16401 | AF45: 13782 | AG45: 2619 | AH45: 16401 | AI45: 15061 | AJ45: 2862 | AK45: 17923 | AL45: 16459 | AM45: 3127 | AN45: 19586
B46: Sumistro e isntalacion de Patch panel de 24 piertos cateria 6A. | C46: Und | D46: 1 | E46: 1268534 | F46: 241021.46 | G46: 1509555.5 | H46: 1268534 | I46: 241021.46 | J46: 1509555.5 | K46: 1381922 | L46: 262565.18 | M46: 1644487.2 | N46: 1505212 | O46: 285990.28 | P46: 1791202.3 | Q46: 1215630 | R46: 230970 | S46: 1446600 | T46: 1215630 | U46: 230970 | V46: 1446600 | W46: 1273980 | X46: 242056 | Y46: 1516036 | Z46: 1335131 | AA46: 253675 | AB46: 1588806 | AC46: 1291986 | AD46: 245477 | AE46: 1537464 | AF46: 1291986 | AG46: 245477 | AH46: 1537464 | AI46: 1411883 | AJ46: 268258 | AK46: 1680140 | AL46: 1542905 | AM46: 293152 | AN46: 1836057
B47: Suministro e instalacion de Patch cord de 2 metros categoria 6A | C47: Und | D47: 1 | E47: 24686 | F47: 4690.34 | G47: 29376.34 | H47: 24686 | I47: 4690.34 | J47: 29376.34 | K47: 26892 | L47: 5109.48 | M47: 32001.48 | N47: 29292 | O47: 5565.48 | P47: 34857.48 | Q47: 23656 | R47: 4495 | S47: 28151 | T47: 23656 | U47: 4495 | V47: 28151 | W47: 24792 | X47: 4710 | Y47: 29502 | Z47: 25982 | AA47: 4937 | AB47: 30918 | AC47: 25142 | AD47: 4777 | AE47: 29919 | AF47: 25142 | AG47: 4777 | AH47: 29919 | AI47: 27475 | AJ47: 5220 | AK47: 32696 | AL47: 30025 | AM47: 5705 | AN47: 35730
B48: Suminstro e instalacion de patch cord de 3 metros categoria 6A | C48: Und | D48: 1 | E48: 31325 | F48: 5951.75 | G48: 37276.75 | H48: 31325 | I48: 5951.75 | J48: 37276.75 | K48: 34125 | L48: 6483.75 | M48: 40608.75 | N48: 37169 | O48: 7062.11 | P48: 44231.11 | Q48: 30018 | R48: 5703 | S48: 35722 | T48: 30018 | U48: 5703 | V48: 35722 | W48: 31459 | X48: 5977 | Y48: 37436 | Z48: 32969 | AA48: 6264 | AB48: 39233 | AC48: 31904 | AD48: 6062 | AE48: 37965 | AF48: 31904 | AG48: 6062 | AH48: 37965 | AI48: 34864 | AJ48: 6624 | AK48: 41489 | AL48: 38100 | AM48: 7239 | AN48: 45339
B49: Organizador de cables horizontal | C49: Und | D49: 1 | E49: 290794 | F49: 55250.86 | G49: 346044.86 | H49: 290794 | I49: 55250.86 | J49: 346044.86 | K49: 316787 | L49: 60189.53 | M49: 376976.53 | N49: 345050 | O49: 65559.5 | P49: 410609.5 | Q49: 278667 | R49: 52947 | S49: 331613 | T49: 278667 | U49: 52947 | V49: 331613 | W49: 292043 | X49: 55488 | Y49: 347531 | Z49: 306061 | AA49: 58152 | AB49: 364212 | AC49: 296170 | AD49: 56272 | AE49: 352443 | AF49: 296170 | AG49: 56272 | AH49: 352443 | AI49: 323655 | AJ49: 61494 | AK49: 385150 | AL49: 353690 | AM49: 67201 | AN49: 420891
B50: Suministro de cable eléctrico trenzado THNN | C50: Und | D50: 1 | E50: 582635 | F50: 110700.65 | G50: 693335.65 | H50: 582635 | I50: 110700.65 | J50: 693335.65 | K50: 634713 | L50: 120595.47 | M50: 755308.47 | N50: 691340 | O50: 131354.6 | P50: 822694.6 | Q50: 558336 | R50: 106084 | S50: 664420 | T50: 558336 | U50: 106084 | V50: 664420 | W50: 585136 | X50: 111176 | Y50: 696312 | Z50: 613222 | AA50: 116512 | AB50: 729735 | AC50: 593406 | AD50: 112747 | AE50: 706153 | AF50: 593406 | AG50: 112747 | AH50: 706153 | AI50: 648474 | AJ50: 123210 | AK50: 771684 | AL50: 708653 | AM50: 134644 | AN50: 843297
... B63: Sumistro e instalacion de tuberia EMT de 3/4" con accesorios de instalacion | C63: ML | D63: 1 | E63: 1121329 | F63: 213052.51 | G63: 1334381.5 | H63: 1121329 | I63: 213052.51 | J63: 1334381.5 | K63: 1221559 | L63: 232096.21 | M63: 1453655.2 | N63: 1330542 | O63: 252802.98 | P63: 1583345 | Q63: 1074564 | R63: 204167 | S63: 1278731 | T63: 1074564 | U63: 204167 | V63: 1278731 | W63: 1126143 | X63: 213967 | Y63: 1340110 | Z63: 1180198 | AA63: 224238 | AB63: 1404435 | AC63: 1142060 | AD63: 216991 | AE63: 1359051 | AF63: 1142060 | AG63: 216991 | AH63: 1359051 | AI63: 1248043 | AJ63: 237128 | AK63: 1485171 | AL63: 1363861 | AM63: 259134 | AN63: 1622995
B65: BOLSA DE REPUESTOS
B66: Disco Duro SATA 1Tb | C66: Und | D66: 1 | E66: 507010 | F66: 96331.9 | G66: 603341.9 | H66: 507010 | I66: 96331.9 | J66: 603341.9 | K66: 551817 | L66: 104845.23 | M66: 656662.23 | N66: 606938 | O66: 115318.22 | P66: 722256.22 | Q66: 497999 | R66: 94620 | S66: 592619 | T66: 497999 | U66: 94620 | V66: 592619 | W66: 521903 | X66: 99162 | Y66: 621065 | Z66: 546954 | AA66: 103921 | AB66: 650876 | AC66: 513401 | AD66: 97546 | AE66: 610947 | AF66: 513401 | AG66: 97546 | AH66: 610947 | AI66: 561045 | AJ66: 106599 | AK66: 667643 | AL66: 613110 | AM66: 116491 | AN66: 729601
B67: Disco duro Sata 3.5 TB7200 rmp64mb | C67: Und | D67: 1 | E67: 767937 | F67: 145908.03 | G67: 913845.03 | H67: 767937 | I67: 145908.03 | J67: 913845.03 | K67: 835803 | L67: 158802.57 | M67: 994605.57 | N67: 919292 | O67: 174665.48 | P67: 1093957.5 | Q67: 754288 | R67: 143315 | S67: 897603 | T67: 754288 | U67: 143315 | V67: 897603 | W67: 790494 | X67: 150194 | Y67: 940688 | Z67: 828438 | AA67: 157403 | AB67: 985841 | AC67: 777617 | AD67: 147747 | AE67: 925364 | AF67: 777617 | AG67: 147747 | AH67: 925364 | AI67: 849780 | AJ67: 161458 | AK67: 1011238 | AL67: 928639 | AM67: 176441 | AN67: 1105080
B68: Disco duro 500GB M.2 estado solido | C68: Und | D68: 1 | E68: 375226 | F68: 71292.94 | G68: 446518.94 | H68: 375226 | I68: 71292.94 | J68: 446518.94 | K68: 408387 | L68: 77593.53 | M68: 485980.53 | N68: 449181 | O68: 85344.39 | P68: 534525.39 | Q68: 368557 | R68: 70026 | S68: 438583 | T68: 368557 | U68: 70026 | V68: 438583 | W68: 386248 | X68: 73387 | Y68: 459635 | Z68: 404788 | AA68: 76910 | AB68: 481698 | AC68: 379956 | AD68: 72192 | AE68: 452148 | AF68: 379956 | AG68: 72192 | AH68: 452148 | AI68: 415216 | AJ68: 78891 | AK68: 494107 | AL68: 453748 | AM68: 86212 | AN68: 539960
B69: Disco duro externo 10TB | C69: Und | D69: 1 | E69: 600407 | F69: 114077.33 | G69: 714484.33 | H69: 600407 | I69: 114077.33 | J69: 714484.33 | K69: 653467 | L69: 124158.73 | M69: 777625.73 | N69: 718743 | O69: 136561.17 | P69: 855304.17 | Q69: 589736 | R69: 112050 | S69: 701785 | T69: 589736 | U69: 112050 | V69: 701785 | W69: 618043 | X69: 117428 | Y69: 735471 | Z69: 647709 | AA69: 123065 | AB69: 770774 | AC69: 607975 | AD69: 115515 | AE69: 723490 | AF69: 607975 | AG69: 115515 | AH69: 723490 | AI69: 664395 | AJ69: 126235 | AK69: 790630 | AL69: 726051 | AM69: 137950 | AN69: 864000
B70: Disco duro externo 2TB | C70: Und | D70: 1 | E70: 530684 | F70: 100829.96 | G70: 631513.96 | H70: 530684 | I70: 100829.96 | J70: 631513.96 | K70: 577583 | L70: 109740.77 | M70: 687323.77 | N70: 635278 | O70: 120702.82 | P70: 755980.82 | Q70: 521252 | R70: 99038 | S70: 620290 | T70: 521252 | U70: 99038 | V70: 620290 | W70: 546272 | X70: 103792 | Y70: 650064 | Z70: 572493 | AA70: 108774 | AB70: 681267 | AC70: 537373 | AD70: 102101 | AE70: 639474 | AF70: 537373 | AG70: 102101 | AH70: 639474 | AI70: 587241 | AJ70: 111576 | AK70: 698817 | AL70: 641737 | AM70: 121930 | AN70: 763667
B71: Memoria DDR4 PC 4GB 2400 | C71: Und | D71: 1 | E71: 509349 | F71: 96776.31 | G71: 606125.31 | H71: 509349 | I71: 96776.31 | J71: 606125.31 | K71: 554363 | L71: 105328.97 | M71: 659691.97 | N71: 609739 | O71: 115850.41 | P71: 725589.41 | Q71: 500297 | R71: 95056 | S71: 595353 | T71: 500297 | U71: 95056 | V71: 595353 | W71: 524311 | X71: 99619 | Y71: 623930 | Z71: 549478 | AA71: 104401 | AB71: 653879 | AC71: 515770 | AD71: 97996 | AE71: 613766 | AF71: 515770 | AG71: 97996 | AH71: 613766 | AI71: 563633 | AJ71: 107090 | AK71: 670724 | AL71: 615938 | AM71: 117028 | AN71: 732967
B72: Memoria Ram DDR3 8GB PC3 128000 1600 MHZ PC | C72: Und | D72: 1 | E72: 444542 | F72: 84462.98 | G72: 529004.98 | H72: 444542 | I72: 84462.98 | J72: 529004.98 | K72: 483828 | L72: 91927.32 | M72: 575755.32 | N72: 532158 | O72: 101110.02 | P72: 633268.02 | Q72: 436641 | R72: 82962 | S72: 519603 | T72: 436641 | U72: 82962 | V72: 519603 | W72: 457600 | X72: 86944 | Y72: 544544 | Z72: 479565 | AA72: 91117 | AB72: 570682 | AC72: 450146 | AD72: 85528 | AE72: 535673 | AF72: 450146 | AG72: 85528 | AH72: 535673 | AI72: 491919 | AJ72: 93465 | AK72: 585384 | AL72: 537569 | AM72: 102138 | AN72: 639707
B73: Memoria Ram DDR3 8GB PC3 128000 1600 MHZ Portatil | C73: Und | D73: 1 | E73: 302814 | F73: 57534.66 | G73: 360348.66 | H73: 302814 | I73: 57534.66 | J73: 360348.66 | K73: 329575 | L73: 62619.25 | M73: 392194.25 | N73: 362497 | O73: 68874.43 | P73: 431371.43 | Q73: 297432 | R73: 56512 | S73: 353944 | T73: 297432 | U73: 56512 | V73: 353944 | W73: 311709 | X73: 59225 | Y73: 370934 | Z73: 326671 | AA73: 62067 | AB73: 388739 | AC73: 306631 | AD73: 58260 | AE73: 364891 | AF73: 306631 | AG73: 58260 | AH73: 364891 | AI73: 335087 | AJ73: 63666 | AK73: 398753 | AL73: 366183 | AM73: 69575 | AN73: 435757
B74: Memoria Ram DDR3 4GB PC3 128000 1600 MHZ PC | C74: Und | D74: 1 | E74: 285250 | F74: 54197.5 | G74: 339447.5 | H74: 285250 | I74: 54197.5 | J74: 339447.5 | K74: 310459 | L74: 58987.21 | M74: 369446.21 | N74: 341471 | O74: 64879.49 | P74: 406350.49 | Q74: 280180 | R74: 53234 | S74: 333415 | T74: 280180 | U74: 53234 | V74: 333415 | W74: 293629 | X74: 55790 | Y74: 349418 | Z74: 307723 | AA74: 58467 | AB74: 366191 | AC74: 288846 | AD74: 54881 | AE74: 343726 | AF74: 288846 | AG74: 54881 | AH74: 343726 | AI74: 315651 | AJ74: 59974 | AK74: 375624 | AL74: 344943 | AM74: 65539 | AN74: 410482
B75: Memoria Ram DDR3 4GB PC3 128000 1600 MHZ Portatil | C75: Und | D75: 1 | E75: 287830 | F75: 54687.7 | G75: 342517.7 | H75: 287830 | I75: 54687.7 | J75: 342517.7 | K75: 313267 | L75: 59520.73 | M75: 372787.73 | N75: 344559 | O75: 65466.21 | P75: 410025.21 | Q75: 282714 | R75: 53716 | S75: 336430 | T75: 282714 | U75: 53716 | V75: 336430 | W75: 296284 | X75: 56294 | Y75: 352578 | Z75: 310506 | AA75: 58996 | AB75: 369502 | AC75: 291458 | AD75: 55377 | AE75: 346835 | AF75: 291458 | AG75: 55377 | AH75: 346835 | AI75: 318505 | AJ75: 60516 | AK75: 379021 | AL75: 348062 | AM75: 66132 | AN75: 414194
B76: Memoria Ram DDR 4GB PC4 21300 2666mhz PC | C76: Und | D76: 1 | E76: 275013 | F76: 52252.47 | G76: 327265.47 | H76: 275013 | I76: 52252.47 | J76: 327265.47 | K76: 299318 | L76: 56870.42 | M76: 356188.42 | N76: 329217 | O76: 62551.23 | P76: 391768.23 | Q76: 270126 | R76: 51324 | S76: 321449 | T76: 270126 | U76: 51324 | V76: 321449 | W76: 283092 | X76: 53787 | Y76: 336879 | Z76: 296680 | AA76: 56369 | AB76: 353049 | AC76: 278480 | AD76: 52911 | AE76: 331391 | AF76: 278480 | AG76: 52911 | AH76: 331391 | AI76: 304323 | AJ76: 57821 | AK76: 362144 | AL76: 332564 | AM76: 63187 | AN76: 395751
B77: Memoria DDR4 a 2.400 MHz- de 16 gb | C77: Und | D77: 1 | E77: 564849 | F77: 107321.31 | G77: 672170.31 | H77: 564849 | I77: 107321.31 | J77: 672170.31 | K77: 614767 | L77: 116805.73 | M77: 731572.73 | N77: 676177 | O77: 128473.63 | P77: 804650.63 | Q77: 554810 | R77: 105414 | S77: 660224 | T77: 554810 | U77: 105414 | V77: 660224 | W77: 581441 | X77: 110474 | Y77: 691915 | Z77: 609350 | AA77: 115777 | AB77: 725127 | AC77: 571969 | AD77: 108674 | AE77: 680643 | AF77: 571969 | AG77: 108674 | AH77: 680643 | AI77: 625048 | AJ77: 118759 | AK77: 743807 | AL77: 683052 | AM77: 129780 | AN77: 812832
... B116: Tarjeta de Red 10/100/1000 | C116: Und | D116: 1 | E116: 140095 | F116: 26618.05 | G116: 166713.05 | H116: 140095 | I116: 26618.05 | J116: 166713.05 | K116: 152476 | L116: 28970.44 | M116: 181446.44 | N116: 167707 | O116: 31864.33 | P116: 199571.33 | Q116: 137605 | R116: 26145 | S116: 163750 | T116: 137605 | U116: 26145 | V116: 163750 | W116: 144210 | X116: 27400 | Y116: 171610 | Z116: 151132 | AA116: 28715 | AB116: 179847 | AC116: 141861 | AD116: 26954 | AE116: 168814 | AF116: 141861 | AG116: 26954 | AH116: 168814 | AI116: 155025 | AJ116: 29455 | AK116: 184480 | AL116: 169412 | AM116: 32188 | AN116: 201600

Sheet Calificacion
A1: Proponentes | B1: Observaciones | C1: Puntaje | D1: Mayor número de agentes al mínimo solicitado | F1: ESPECIALISTA EN IPv6 | G1: Herramienta de analítica avanzada para monitoreo continuo predictivo | H1: ANALISIS DE VULNERABILIDADES | I1: Horas adicionales de Especialistas (Seguridad de la información) | J1: Apoyo a la Industria Nacional | K1: Un (1) Especialista en Data Center y/o servidores y aplicativos | L1: Incentivo Personal con Discapacidad | M1: Un (1) Especialista en seguridad (del equipo mínimo) | N1: emprendimientos y empresas de mujeres | O1: Un (1) Especialista en Data Center y/o servidores y aplicativos | P1: MiPymes | Q1: Un (1) Especialista en seguridad (del equipo mínimo) | R1: Propuesta Económica
D2: Oferta | E2: Puntaje | F2: Oferta | G2: Puntaje | H2: Oferta | I2: Puntaje | J2: OFERTA | K2: Puntaje | L2: Oferta (porcentaje reducción) | M2: Puntaje | N2: OFERTA | O2: Puntaje | P2: Oferta (porcentaje reducción) | Q2: Puntaje | R2: Puntaje
A3: =+[1]Base!A16 -> UT INFOHC MESA | B3: Anexo 4 - Servicios Adicionales | R3: NO
A4: =+[1]Base!A17 -> UT SERVICIOS TI 2024 | B4: ANEXO 4 OFRECIMIENTO TECNICOS ADICIONALES ADENDA 2.pdf | C4: =E4+G4+I4+K4+M4+R4+O4+Q4 -> 76.25 | D4: 4 | E4: =IF(D4=1,3,IF(D4=2,6,IF(D4=3,10,IF(D4=4,15,0)))) -> 15 | F4: NO | G4: =IF(F4="SI",10,0) -> 0 | H4: NO | I4: =IF(H4="SI",13.5,0) -> 0 | J4: SI | K4: =IF(J4="SI",10,0) -> 10 | L4: SI | M4: =IF(L4="SI",1,0) -> 1 | N4: NO | O4: =IF(N4="SI",0.25,0) -> 0 | P4: SI | Q4: =IF(P4="SI",0.25,0) -> 0.25 | R4: =+Economica!D5 -> 50 | S4: Para el puntaje de emprendimiento de mujeres no se evidencia el numero de cargos correspondientes del nivel directivo para establecer que el 50% es ocupado por mujeres.
A5: =+[1]Base!A18 -> UT AW TECNOLOGIA 2024 | B5: ANEXO 4 FORMULARIO - SERVICIOS ADICIONALES.pdf | R5: NO
A7: OFERENTE | B7: Puntuables | C7: PUNTAJE | D7: Observación
A8: =A3 -> UT INFOHC MESA | B8: =Calificacion!$D$1 -> Mayor número de agentes al mínimo solicitado | C8: =$E3 -> 0 | D8: Mayor número de Agentes al mínimo solicitado: 4
B9: =Calificacion!$F$1 -> ESPECIALISTA EN IPv6 | C9: =$G3 -> 0 | D9: NO CUMPLE CARLOS EDUARDO GUAYAZÁN • Ingeniero Electrónico - Universidad El Bosque (20-08-2009) • TP: 04-09-2009 • Especialización Ciberseguridad - Universidad Autónoma de Occidente (09-02-2023) • NO SE PUDIERON ABRIR LOS ARCHIVOS: Certificación vigente IPv6 Gold o Avanzado de Lacnic (los archivos con nombre: "Academicos ipv6.pdf y certificados Ext IPV&.pdf" están dañados y no se permiten visualizar) • Certificación IPv6 en Gestión de Redes (03/05/24) • 10,18 años de experiencia profesional desde la expedición de la tarjeta profesional. • No se acredita experiencia específica como Gerente o Director o Coordinador de mínimo 5 proyectos en temas relacionados con la transición o migración al protocolo IPv6 bajo la modalidad de contrato laboral o de prestación de servicios.
B10: =Calificacion!$H$1 -> ANALISIS DE VULNERABILIDADES | C10: =$I3 -> 0 | D10: NO CUMPLE No se presenta perfil especializado para Análisis de Vulnerabilidades
A11: =A4 -> UT SERVICIOS TI 2024 | B11: =Calificacion!$D$1 -> Mayor número de agentes al mínimo solicitado | C11: =$E4 -> 15 | D11: Mayor número de Agentes al mínimo solicitado: 4
B12: =Calificacion!$F$1 -> ESPECIALISTA EN IPv6 | C12: =$G4 -> 0 | D12: NO CUMPLE FRANCISCO JAVIER QUINTERO BARBOSA • Ingeniero de Sistemas - Fund. Univ. San Martín • TP: 25255177670CND (19/11/2009) • Especialista Seguridad Informática - Uni. Piloto de Colombia • Certificación vigente Avanzado de Lacnic (24/06/20) • NO PRESENTA Certificación IPv6 en Gestión de Redes • Diez (10) años de experiencia profesional desde la expedición de la tarjeta profesional. • No acredita experiencia específica como Gerente o Director o Coordinador de mínimo 5 proyectos en temas relacionados con la transición o migración al protocolo IPv6 bajo la modalidad de contrato laboral o de prestación de servicios. La certificación de experiencia aportada corresponde a un perfil de profesional especializado que no corresponde a lo solicitado por la entidad en los criterios de ponderación; adicionalmente la certificación aportada no se encuentra suscrita.
B13: =Calificacion!$H$1 -> ANALISIS DE VULNERABILIDADES | C13: =$I4 -> 0 | D13: NO CUMPLE No se presenta perfil especializado para Análisis de Vulnerabilidades
A14: =+A5 -> UT AW TECNOLOGIA 2024 | B14: =Calificacion!$D$1 -> Mayor número de agentes al mínimo solicitado | C14: =$E5 -> 0 | D14: Mayor número de Agentes al mínimo solicitado: 3
B15: =Calificacion!$F$1 -> ESPECIALISTA EN IPv6 | C15: =$G5 -> 0 | D15: NO CUMPLE JUAN CARLOS ESPINOSA CORDERO • Ing. de Diseño y automatización Electrónica - Universidad de la Salle. •TP. 25326173235CND (20/08/2009) • Magister en Seguridad de la Información - Univ. Andes • Certificación vigente IPv6 Avanzado de Lacnic (17 de Septiembre de 2019) • NO PRESENTA Certificación IPv6 en Gestión de Redes (Presenta Cert. Redes Masivas y seguridad en redes) • Once (11) años de experiencia profesional desde la expedición de la tarjeta profesional. • No acredita experiencia específica como Gerente o Director o Coordinador de mínimo 5 proyectos en temas relacionados con la transición o migración al protocolo IPv6 bajo la modalidad de contrato laboral o de prestación de servicios
B16: =Calificacion!$H$1 -> ANALISIS DE VULNERABILIDADES | C16: =+I5 -> 0 | D16: NO CUMPLE EDGAR ALFONSO GODOY LOPEZ • Ingeniero de Sistemas - Univ. Autonoma de Colombia • TP. 252550808953CND (22/11/01) • Especialista en Seguridad de la Información. (26/10/2007) - Uniandes. • Magister en Seguridad de la Información (30/11/2016) - Uniandes. • Certificación ISO 27001 lead Auditor vigente (14/08/23) • Certificación CEH (Certified Ethical Hacker) - (10/03/2016) • Certificación CISM (Certified Information Secu-rity Manager) - (10/01/17) y Certificación CISSP (Certified Information Systems Security Professional) (01/01/2023) • Certificación CRISC (Certified in Risk and Information Systems) (23/07/2018 vencida) • Diecinueve (19) años de experiencia profesional desde la expedición de la tarjeta profesional. • Deiciseis (16) años de experiencia profesional certificada, gestión de incidentes de Seguridad y/o ciberseguridad, seguridad de la información o soporte en herramientas de Seguridad. Filtrado de Contenido, o Herramientas de Correlación de eventos o soluciones de seguridad perimetral

Sheet Resumen
B2: Proponente | C2: JURIDICA | D2: FINANCIERA | E2: HERRAMIENTA DE GESTIÓN DE SERVICIO | H2: EXPERIENCIA | I2: PRESENTACIÓN DE FORMATOS | J2: HABILITADO
B3: =+Base!A16 -> UT INFOHC MESA | J3: RECHAZADO
B4: =+Base!A17 -> UT SERVICIOS TI 2024 | E4: CUMPLE | H4: HÁBIL | I4: CUMPLE | J4: HÁBIL
B5: =+Base!A18 -> UT AW TECNOLOGIA 2024 | J5: RECHAZADO
B11: OFERENTE | E11: NUMERAL | F11: DOCUMENTO | G11: REQUISITO | H11: OBSERVACIÓN
B12: UT AW TECNOLOGIA 2024 | E12: 5 | F12: ANEXO TÉCNICO | G12: 5. HERRAMIENTA DE GESTION DE SERVICIO. La Secretaria Distrital de Gobierno tiene una herramienta de gestión de servicios llamada ARANDA la cual permite gestionar a través de una misma consola los procesos: solicitudes, requerimientos de servicio, incidentes, problemas y cambios; y el módulo CMDB Enterprise el cual permite gestionar a través de una misma consola los procesos: Configuración de Activos y Servicios. Actualmente se cuenta con el siguiente licenciamiento y el cual debe ser actualizado y renovado de acuerdo con la necesidad de la entidad en concordancia con el estudio de mercado realizado: El contratista deberá suministrar, instalar y poner en funcionamiento la renovación y soporte (durante la vigencia del contrato) requerido por la Secretaría Distrital de Gobierno. Además, deberá poner a disposición del proyecto un Especialista en la Herramienta (Aranda) con el siguiente perfil (adjuntar compromiso del profesional). Ingeniero de sistemas, Electrónico, Telemática, Telecomunicaciones o carreras afines • Certificación ITIL4 Foundation o Superior (Vigente) • Certificación Aranda Service Management Suite (Vigente). • Experiencia demostrable como implementador de proyectos de mesa de servicio de TI con Aranda Software en la versión de ASMS en los últimos tres (3) años, mínimo en cuatro (4) proyectos. Esta debe ser demostrada con certificaciones laborales y/o de prestación de servicios, emitidas por las empresas en donde desarrolló los proyectos, las cuales deben contener como mínimo la siguiente información: 1. Nombre y NIT de la empresa certificadora. 2. Nombre e identificación del empleado y/o contratista. 3. Objeto del contrato y/o funciones y/o actividades. 4. Contacto de la empresa certificadora. 5. Datos de contacto de quien expide la certificación, esto es teléfono y correo electrónico corporativo. Las anteriores condiciones deben ser acreditada con hoja de vida del perfil, acompañada de los diplomas o actas de grado y/o tarjeta profesional correspondientes, certificaciones vigentes y las certificaciones de experiencia. Para la herramienta de gestión de servicios de Aranda se debe presentar certificación de Partner del fabricante, donde se indique que es distribuidor autorizado con membresía SILVER O SUPERIOR. Esta certificación no debe superar treinta (30) días desde la fecha de expedición al cierre del proceso y deberá ir dirigida a la entidad y al presente proceso | H12: El oferente aportó la siguiente hoja de vida, una vez se publicó el primer informe de evaluación dado que con la oferta inicial no venía el cumplimiento del requisito: GINA PAOLA PEREZ VARGAS Ingeniera de sistemas - Uni Católica TP: 25255229747CND (21-06-12) • Certificación ITIL4 Foundation o Superior (Vigente) • Certificación Aranda Service Management Suite (Vigente). • Experiencia demostrable como implementador de proyectos de mesa de servicio de TI con Aranda Software en la versión de ASMS en los últimos tres (3) años: Proyectos: UIAF, Financiera de Desarrollo Nacional FDN, Aeronáutica Civil de Colombia (Tecnología y Gacel - Aranda Device Management), Aris Mining Revisada la hoja de vida del oferente presentada en subsanación, no se acepta teniendo en cuenta que en las certificaciones de experiencia aportadas no se evidencia que los proyectos relacionados (Uiaf y Aris Mining) fueron desarrollados durante los últimos tres años, de acuerdo con lo exigido en el pliego de condiciones e indicado en el Informe de Evaluacion preliminar de fecha 23 de octubre de 2024. Mencionado lo anterior, se concluyó por parte del comité evaluador que el oferente estaba inmerso en la causal de rechazo de que trata el literal C del numeral 4.11 "Causales de rechazo" la cual menciona: C) Cuando el Comité Evaluador haya solicitado presentar algún documento o subsanar o aclarar alguna información necesaria para el cumplimiento de los requisitos mínimos de carácter habilitante y el oferente NO subsane o aclare; o subsane o aclare en forma incorrecta y/o por fuera del término señalado en el presente proyecto de pliego de condiciones, o cuando allegadas las aclaraciones, observaciones y documentos no se ajusten a lo solicitado en el pliego de condiciones, o la información presentada y/o aclarada sea inconsistente o contradictoria o induzca en error a la Entidad. (subrayado fuera de texto) Expuesto lo anterior y por encontrarse inmero en la causal de rechazo descrita en el párrafo anterior,el comité evaluador RECHAZA al oferente UNION TEMPORAL AW TECNOLOGIAS 2024.
B19: UT INFOHC MESA | E19: 6.1.1 | F19: PLIEGO DE CONDICIONES | G19: 6.1.1 FACTOR ECONÓMICO (50 puntos) Atendiendo la normatividad vigente en materia de contratación pública, así como los lineamientos y guías de Colombia Compra Eficiente, y la debida transparencia que rigen los procesos de selección, en especial, la fase de planeación, la SECRETARÍA DISTRITAL DE GOBIERNO, adopta un nuevo método de evaluación para la adjudicación de contratos, con el propósito de hacer más transparente y eficiente los procesos. Habida cuenta de lo anterior, la Secretaría Distrital de Gobierno, asignará el puntaje máximo de los componentes de la propuesta económica mediante la aplicación de alguno de los siguientes métodos: 1. El menor valor 2. La media geométrica, y 3. La media aritmética La selección del método mediante el cual se evaluará la propuesta económica se hará de manera aleatoria teniendo en cuenta la parte decimal de la Tasa Representativa de Mercado (TRM) del día HÁBIL siguiente al cierre, la cual será tomada del sitio web del Banco de la República. Es decir que si el rango de la TRM es de 0.00 a 0.33 se utilizará el menor valor, de 0.34 a 0.66 la media geométrica, de 0.67 a 0.99 la media aritmética. De igual manera la aleatoriedad de la escogencia del método garantiza que los precios ofertados por los proponentes se aproximen a valores más cercanos a la realidad del mercado. En caso de que el método seleccionado corresponda a la media geométrica, esta no podrá ser calculada si llegase a presentarse un ofrecimiento igual a 0%., razón por la cual se procederá a aplicar el siguiente método de evaluación hacia adelante que corresponde a la media aritmetica. (En el pliego, páginas 64, 65 y 66 se observan las formulas conforme a los metodos de evaluación) PROPUESTA ECONÓMICA: La no presentación del formato de propuesta económica anexo o su diligenciamiento incompleto dará lugar a que la propuesta sea rechazada y no se realizará la evaluación de este factor 5.2.1.2. Metodología de evaluación para el criterio de Porcentaje de descuento global respecto de los precios de los ítems del anexo técnico. El oferente deberá presentar la oferta diligenciando la pregunta en la plataforma SECOP II respecto de la sumatoria de los ítems del tarifario de bienes y servicios iniciales, mediante un porcentaje global de descuento con máximo dos decimales, a saber (ej. 0,00%), cuando se presente la oferta con más de dos decimales la entidad tendrá en cuenta únicamente los dos primeros que resulten de la disminución de decimales, por lo que si el tercer decimal es inferior a cinco se mantendrá el segundo decimal sin variación, pero si es igual o superior se aproximará el segundo decimal al número natural siguiente. Se asignará al factor de porcentaje de remuneración un máximo de cincuenta (50) puntos y se evaluará aplicando la siguiente formula FORMA DE CALIFICAR | H19: La entidad aclara que el numeral 1 del anexo técnico "Definiciones" estableció el concepto de las bolsas de repuestos y bolsa de especialista así: • BOLSA DE REPUESTOS: Se entiende como bolsa de repuestos al dinero destinado por la Entidad para la adquisición de las partes y/o suministros que haya necesidad de aprobar en caso de que un equipo de cómputo presente daño parcial. Su administración se encuentra detallada en el Ítem “Bolsa de Repuestos”. • BOLSA DE ESPECIALISTA: Se entiende como bolsa de especialistas a las horas destinadas para el servicio que se solicita de uno o más especialistas y que se deben utilizar durante la vigencia del contrato, si antes de finalizar el contrato se encuentra pendiente la ejecución de horas de esta bolsa la entidad realizara una prórroga que incluya las horas que falten por utilizar. Así mismo en el numeral 3.11 “BOLSA DE REPUESTOS” del anexo técnico se estableció lo siguiente: • La entidad destinará un cupo de repuestos, partes, consumibles y/o accesorios para la compra de los elementos que se requieran durante la ejecución del presente contrato. La compra de los repuestos, partes, consumibles y/o accesorios es autorizada por el supervisor del contrato. (…) La compra de repuestos se realizará de acuerdo con los valores presentados en la oferta económica cuyo valor se descontará de la cantidad destinada para la bolsa de repuestos. De los anteriores apartes se concluye que las bolsas serían valores fijos establecidos por la entidad para cada vigencia fiscal cuyo consumo estaría determinado conforme a las necesidades de la misma, circunstancia que debía ser tenida en cuenta por los proponentes para la presentación de su oferta. Por otra parte, es necesario indicar que durante la etapa de respuesta a las observaciones del proyecto de pliegos y pliegos definitivos, ninguno de los miembros de la Unión Temporal INFO HC Mesa 2024 presentó observaciones relacionadas con la inclusión o no del valor fijo de las mismas en la oferta económica. La Unión Temporal INFOHC MESA presentó una oferta económica con imprecisiones frente a los valores ofertados, que al ser revisada por el comité evaluador se evidencia que al realizar las operaciones matemáticas no logra validar de ninguna manera como se obtiene el valor presentado por el oferente en la plataforma SECOP II. Por lo anterior, la entidad requirió al proponente para que aclarara la misma. En ese orden de ideas, el proponente en su escrito de aclaración realiza argumentaciones que no se restringen a las operaciones aritméticas necesarias para establecer de manera cierta el ofrecimiento económico efectuado y por tal razón el comité evaluador concluye que el proponente no aclaró la oferta toda vez que, ninguna operación matemática realizada tanto por el oferente como por el comité evaluador arroja el valor ofertado por la Unión Temporal; por el contrario en su escrito se condiciona su oferta y se menciona una operación matemática de promedio para las bolsas. Tal ejercicio de promedio contradice lo solicitado por la entidad y la lógica de la ecuación económica contractual prevista por la entidad, como quiera que los valores asignados a las bolsas son determinados por la entidad por cada vigencia y su consumo se realizará a necesidad de la misma y pagados conforme a los valores unitarios ofertados por el proponente para cada anualidad, por tanto no es aceptable para la entidad el ejercicio de promediar los valores de las bolsas. En consecuencia, el comité evaluador una vez verificada la propuesta económica y la aclaración presentada por el propoennte, encuentra que el oferente Unión Temporal INFO HC MESA 2024 se encuentra inmerso en las siguientes causales de rechazo contempladas en el pliego de condiciones: q) Cuando la propuesta incluya información o documentos que contengan datos falsos, tergiversados, alterados, inexactos o tendientes a inducir a error a la Entidad gg) Cuando se compruebe que la información contenida en los documentos que componen la oferta no es veraz o no corresponde con la realidad, siempre que la mencionada inconsistencia le permita cumplir con un requisito habilitante o mejore la propuesta presentada para efectos de la evaluación. Expuesto lo anterior y por encontrarse inmerso en las causales de rechazo descrita en el párrafo anterior, él comité evaluador RECHAZA al oferente UNION TEMPORAL INFO HC MESA 2024"
E31: 3.11. | F31: ANEXO TÉCNICO | G31: 3.11 Bolsa de repuestos La entidad destinará un cupo de repuestos, partes, consumibles y/o accesorios para la compra de los elementos que serequieran durante la ejecución del presente contrato. La compra de los repuestos, partes, consumibles y/o accesorios esautorizada por el supervisor del contrato. Los repuestos o elementos suministrados por el contratista deben contar con una garantía mínima de seis (6) meses, a partirde la fecha de recibo a satisfacción por parte de la SDG. La compra de repuestosse realizará de acuerdo con los valores presentados en la oferta económica cuyo valor se descontaráde la cantidad destinada para la bolsa de repuestos. El contratista debe mantener los precios unitarios ofertados y pactados en su propuesta económica, durante la prestacióndel servicio. El contratista, a través de correo electrónico, informará la necesidad en un tiempo máximo de 2 días hábiles a partir de lasolicitud del usuario, una vez aprobada la solicitud el contratista tendrá como máximo 4 días hábiles para la entrega a travésde acta. Para cualquier requerimiento por bolsa de repuestos que no se encuentre dentro de la lista de elementos definida, el procedimiento establecido es el siguiente: El contratista, a través de correo electrónico, informará a la supervisión o apoyo a la supervisión la necesidad en un tiempomáximo de 2 días hábiles a partir de la solicitud del usuario; una vez aprobada la solicitud el contratista presentará una (1)cotización del repuesto alsupervisor del contrato o apoyo a la supervisión en un plazo máximo de cinco (5) días hábilescontados a la fecha de la aprobación, la Secretaría de Gobierno también La entidad destinará un cupo de repuestos, partes, consumibles y/o accesorios para la compra de los elementos que serequieran durante la ejecución del presente contrato. La compra de los repuestos, partes, consumibles y/o accesorios esautorizada por el supervisor del contrato. Los repuestos o elementos suministrados por el contratista deben contar con una garantía mínima de seis (6) meses, a partirde la fecha de recibo a satisfacción por parte de la SDG. La compra de repuestosse realizará de acuerdo con los valores presentados en la oferta económica cuyo valorse descontaráde la cantidad destinada para la bolsa de repuestos. El contratista debe mantener los precios unitarios ofertados y pactados en su propuesta económica, durante la prestacióndel servicio. El contratista, a través de correo electrónico, informará la necesidad en un tiempo máximo de 2 días hábiles a partir de lasolicitud del usuario, una vez aprobada la solicitud el contratista tendrá como máximo 4 días hábiles para la entrega a travésde acta. Para cualquier requerimiento por bolsa de repuestos que no se encuentre dentro de la lista de elementos definida, el procedimiento establecido es el siguiente: El contratista, a través de correo electrónico, informará a la supervisión o apoyo a la supervisión la necesidad en un tiempomáximo de 2 días hábiles a partir de la solicitud del usuario; una vez aprobada la solicitud el contratista presentará una (1)cotización del repuesto alsupervisor del contrato o apoyo a la supervisión en un plazo máximo de cinco (5) días hábilescontados a la fecha de la aprobación, la Secretaría de Gobierno también presentará una (1) cotización; al aprobarse lacotización de menor valor, el contratista tendrá como máximo 4 días hábiles para la entrega a través de acta. Las cotizaciones que se presenten deben estar dentro de los seis (6) meses anteriores a la fecha de la solicitud a la fecha de la solicitud. Los repuestos solicitados deberán ser originales y nuevos. Todo tipo de requerimiento de la bolsa de repuestos que no esté disponible por motivos ajenos al contratista y/o este descontinuado por fabricante y/o presente inconvenientes para su distribución, el contratista deberá informar en un plazomáximo de cinco (5) días hábiles con el fin de evaluar las diferentes alternativas, opciones o tiempos de entrega. Si se presenta incumplimiento sin justificación alguna se realizará compensación de ANS de acuerdo con el numeral 7.4.Nota. Se adjunta especificación de repuestos. (Bolsa de repuestos)
